[Event "EU-ch 12th"]
[Site "Aix les Bains"]
[Date "2011.03.23"]
[Round "2"]
[White "Pridorozhni, Aleksei"]
[Black "Cheparinov, Ivan"]
[Result "1/2-1/2"]
[ECO "B08"]
[WhiteElo "2542"]
[BlackElo "2664"]
[Annotator "Marchand,A/Primel,D"]
[PlyCount "96"]
[EventDate "2011.03.22"]
[EventType "swiss"]
[EventRounds "11"]
[EventCountry "FRA"]
[SourceTitle "CBM 142 Extra"]
[Source "ChessBase"]
[SourceDate "2011.06.27"]
[SourceVersion "1"]
[SourceVersionDate "2011.06.27"]
[SourceQuality "1"]
[TimeControl "40/5400+30:1800+30"]

1. e4 g6 2. d4 Bg7 3. Nc3 d6 4. Nf3 Nf6 5. Be2 O-O (5... Bg4 $143 {Prématuré}
6. h3 Bxf3 7. Bxf3 c6 8. O-O $14) (5... Nc6) (5... Nbd7) 6. O-O c6 (6... Bg4)
7. a4 Nbd7 8. a5 Qc7 9. Re1 (
9. h3) (9. Be3) 9... e5 10. Bf1 Re8 {80"} ({RR} 10... exd4 11. Nxd4 Re8 12. Bf4
Nh5 13. Be3 Nc5 14. f3 Bd7 15. Qd2 b5 16. axb6 axb6 17. Rad1 Red8 18. Bg5 Bf6
19. Bxf6 Nxf6 20. Qh6 Na4 21. Nxa4 Rxa4 22. c4 c5 23. Nc2 Ra2 24. Ne3 Be6 25.
Rd2 {Rozentalis,E (2591)-Nyback,T (2575)/Germany 2006/EXT 2007/1/2-1/2 (74)}) (
10... Rd8 ) 11. g3 Rb8 ({RR} 11... Nf8 12. h3 Ne6 13. Bg2 exd4
14. Nxd4 Nxd4 15. Qxd4 Nxe4 16. Qd3 Nf6 17. Rxe8+ Nxe8 18. Bf4 Bf5 19. Qd2 Qd7
20. g4 Be6 21. a6 b6 22. Nb5 d5 23. Nd4 Nd6 24. c3 Rd8 25. Re1 Nc4 26. Qc2 {
Guliyev,N (2453)-Galdunts,S (2506)/France 2004/CBM 098 ext/0-1 (43)}) 12. d5
$146 (12. Bg2 b5 13. dxe5 (13. axb6 axb6 14. d5 ) 13...
dxe5 {Tkachiev,V (2664)-Mamedyarov,S (2731) Wch Blitz 4th 2008 (11) 0-1}) 12...
a6 13. Nd2 (13. Be3) 13... cxd5 14. Nxd5 Nxd5 15.
exd5 b5 {69" L'affaiblissement de la case "c6" n'est pas facile а exploiter
pour les Blancs} 16. axb6 Nxb6 17. c4 f5 18. b4 e4 19. Rb1
(19. Ra2 ) 19... Nd7 (19... Bb7 $142 {Passif mais empêche
la manoeuvre Nf3d4} 20. Qb3 Ba8 21. Bb2) 20. Nf3 $1 (20. Ba3 $143 Ne5 ) 20... Bb7 {Trop tard!} 21. Nd4 $14 Rbc8 (21... Ne5 ) 22. Bf4 (22. Ne6 $36 Rxe6 23.
dxe6 Ne5 $13 ) 22... Ne5 23. Bxe5 Bxe5 24. Ne6 Rxe6 $8 25. dxe6
Qe7 26. c5 $1 d5 (26... Qxe6 {Plus solide}) 27. Bxa6 $1 Bxa6
28. Qxd5 Bf6 29. b5 $6 (29. Qd7 $142 $1 {Probablement
gagnant} Rc7 30. Qxe7 Bxe7 31. b5 Bxb5 32. Rxb5 Bxc5 33. Rd1 )
29... Rxc5 30. Qa8+ Bc8 31. b6 Qb7 32. Qxb7 Bxb7 33. Rec1 Bd4 34. Rxc5 Bxc5 35.
Rc1 Bxb6 36. e7 Kf7 37. Rb1 Bc5 {Le plateau DGT n'a pas sauvegardé la suite de
la partie} 38. Rxb7 Bxe7 39. h3 Ke6 40. g4 f4 41. Rb5 Bh4 42. Rb4 Ke5 43. Rb7
e3 $1 44. fxe3 fxe3 45. Kf1 Kf4 46. Rxh7 (46. Ke2 $5 Kg3 47. Kxe3 Bg5+ (47...
Kxh3 48. Kf3) 48. Ke4 Kxh3 49. Kf3 ) 46... Kg3 $11 47. Rg7 Kxh3 48.
Rh7 Kg3 1/2-1/2

[Event "Match/Team URS-World 20,5-19,5"]
[Site "Belgrade"]
[Date "1970.04.02"]
[Round "3.8"]
[White "Matulovic, Milan"]
[Black "Botvinnik, Mikhail"]
[Result "1/2-1/2"]
[ECO "B08"]
[WhiteElo "2560"]
[BlackElo "2640"]
[Annotator "Matulovic/Botvinnik"]
[PlyCount "185"]
[EventDate "1970.03.29"]
[EventType "team"]
[EventRounds "4"]
[EventCountry "YUG"]
[SourceTitle "MCL"]
[Source "ChessBase"]
[SourceDate "1999.07.01"]
[SourceVersion "1"]
[SourceVersionDate "1999.07.01"]
[SourceQuality "1"]
[WhiteTeam "World"]
[BlackTeam "Soviet Union"]
[BlackTeamCountry "URS"]
[TimeControl "40/9000:16/5400:0"]

1. e4 g6 2. d4 Bg7 3. Nf3 d6 4. Nc3 Nf6 5. Be2 O-O 6. O-O Bg4 (6... Nc6 $143 {
Matulovic=:M/Botvinnik=:B}) (6... c6 {B}) 7. Bg5 Nc6 8. h3 (8. Re1 $143 {M}) (
8. Qd2 {B}) 8... Bxf3 9. Bxf3 Nd7 10. Ne2 h6 11. Be3 (11. Bh4 g5 $1 12. Bg3 e6
{/\ f5 -/+ M}) 11... e5 12. c3 Nb6 13. b3 $2 {B} (13. Qc1 Kh7 14. d5 Ne7 15. c4
{B}) 13... d5 14. exd5 Nxd5 15. Bxd5 Qxd5 16. dxe5 (16. c4 Qa5 17. d5 Ne7 18.
Qd2 $10 {M}) 16... Qxe5 17. Nd4 (17. Qc2 $142 Rad8 18. Rad1 $10 {M}) 17... Qd5
18. Qc1 Kh7 19. Rd1 Rad8 20. Qc2 Rfe8 21. Rd2 (21. Nxc6 $142 Qxc6 22. Rxd8 Rxd8
23. Rc1 {B}) 21... Nxd4 22. Bxd4 Bxd4 23. Rxd4 Qe5 24. Rad1 (24. Rd2 $10 {
/\ Rad1 M}) 24... Rxd4 25. cxd4 (25. Rxd4 $2 Qe1+ 26. Kh2 Re2 $19 {M/B}) 25...
Qe2 26. Rd2 (26. Qxe2 Rxe2 27. Rc1 c6 28. d5 cxd5 29. Rc7 $10 {M}) 26... Qe1+
27. Kh2 c6 28. Qc4 Re7 29. Rd3 Kg7 (29... Qxf2 30. Rf3 $16 {M/B}) 30. Rf3 Rd7
31. Qc5 a6 32. Rf4 Rd5 33. Qc2 $2 Qe6 (33... Rxd4 $1 34. Rxd4 Qe5+ $18 {M}) 34.
g3 g5 35. Re4 Qf6 36. h4 $2 (36. Qb2 c5 37. Re5 $1 {B} Rxd4 38. Rxc5 $10 {M})
36... Rxd4 37. hxg5 hxg5 38. Rxd4 Qxd4 39. Qf5 Qd5 40. Qc8 c5 41. a4 Kf6 (41...
b6 $142 {M}) 42. a5 Qf5 (42... Ke5 43. Qe8+ Kf6 {M} (43... Kd4 44. Qe3#) (43...
Qe6 44. Qb8+) (43... Kd6 44. Qd8+ Kc6 45. Qe8+ Qd7 46. Qe4+ $10 {B})) 43. Qxb7
Qxf2+ 44. Kh3 Qf1+ 45. Kh2 Qe2+ (45... g4 46. Qc6+ Kg7 47. Qd6 $10 {B}) 46. Kh3
Qe6+ 47. Kh2 Qe2+ 48. Kh3 Kg6 49. Qb6+ Kh5 50. Qxc5 Qe6+ (50... Qf1+ 51. Kh2 f5
{B}) 51. Kg2 Qxb3 52. Qf5 $1 {B, = M} Qa2+ 53. Kf3 Qa3+ 54. Kg2 Qa2+ 55. Kf3
Qb3+ 56. Kg2 Qb7+ 57. Kh2 Qb2+ 58. Kh3 Qg7 59. Qc5 Qf6 60. g4+ Kh6 61. Qb6 Kg7
62. Kg2 Qe6 63. Qd4+ f6 64. Qb4 Qd5+ 65. Kf2 Kf7 66. Qb6 Qc4 67. Kg3 Ke7 68.
Kh3 Qf1+ 69. Kg3 Qd3+ (69... Kd7 {B}) 70. Kg2 Qe4+ (70... Qd6 71. Qb7+ Ke6 72.
Qe4+ {B}) 71. Kg3 Qf4+ 72. Kh3 Qf1+ (72... Qf3+ 73. Kh2 Qxg4 74. Qxa6 $14 {M})
73. Kg3 Qe1+ 74. Kg2 Qd2+ 75. Kh3 Qd3+ 76. Kg2 Qd5+ 77. Kh3 (77. Kf1 {B}) 77...
Qh1+ 78. Kg3 Qh4+ 79. Kf3 Qh3+ 80. Kf2 Qh2+ 81. Kf1 Qf4+ 82. Ke1 Qg3+ 83. Kf1
Qf4+ 84. Ke1 Qd6 85. Qb7+ Ke6 86. Qb3+ Ke5 87. Qe3+ Kd5 88. Qd3+ Kc5 89. Qa3+
Kc6 90. Qa4+ Kd5 91. Qb3+ (91. Qa2+ $2 {M} Kc5 (91... Kd4 92. Qb2+ (92. Qd2+
Kc5) 92... Kc4 93. Qb6 {B}) 92. Qa3+ Kc6 $19 {M}) 91... Ke4 92. Qc4+ Kf3 (92...
Ke3 93. Qe2+ (93. Qc3+ Qd3 (93... Kf4 94. Qc4+ Kg3 95. Qd3+ $1) 94. Qe5+ Kf3
95. Qxf6+ Kxg4 96. Qe6+ $10) 93... Kd4 94. Qb2+ Kc4 95. Qb6 {M}) 93. Qd3+
1/2-1/2

[Event "Belgrade RAD 30"]
[Site "Belgrade"]
[Date "1977.01.31"]
[Round "13.5"]
[White "Weinstein, Norman"]
[Black "Smejkal, Jan"]
[Result "0-1"]
[ECO "B08"]
[WhiteElo "2475"]
[BlackElo "2575"]
[Annotator "Primel,D"]
[PlyCount "84"]
[EventDate "1977.01.15"]
[EventType "tourn"]
[EventRounds "13"]
[EventCountry "SRB"]
[EventCategory "9"]
[SourceTitle "EXT 2018"]
[Source "ChessBase"]
[SourceDate "2017.10.13"]
[SourceVersion "1"]
[SourceVersionDate "2017.10.13"]
[SourceQuality "1"]
[TimeControl "40/9000:16/5400:0"]

1. e4 g6 {Avec un 1/2 point de retard sur les deux leaders avant cette
dernière ronde, SMEJKAL devait jouer pour le gain.} 2. d4 Bg7 3. Nf3 d6 4. Be2
Nf6 5. Nc3 O-O 6. O-O Nbd7 7. e5 (7. h3) 7... Ne8 8. Bf4 (8. Bg5 f6) 8... c6 9.
Re1 Nb6 10. h3 Nc7 11. Bd3 Ne6 12. Be3 dxe5 13. dxe5 Nd7 14. Bd2 Qc7 15. Qe2
Ndc5 16. Bc4 $146 (16. Rad1 Nxd3 17. Qxd3 b6 18. Qe4 {1/2-1/2 (18) Weinstein,N
(2465)-Nunn,J (2375) Amsterdam 1975}) 16... b5 17. Bxe6 $6 (17. Bb3 $142 Nxb3
18. axb3) 17... Nxe6 (17... Bxe6) 18. Qe4 Bb7 19. Qh4 c5 20. Ne4
(20. Bh6) 20... Nd4 21. Nxd4 cxd4 22. Bh6 Bxh6 23. Qxh6 Qxe5 24.
Ng5 Qg7 25. Qxg7+ Kxg7 26. Rxe7 Bd5 27. a4 Rfd8 (27... Kf6 28. Rae1 bxa4 (28...
Kxg5 29. R7e5+ (29. R1e5+ Kf6) 29... Kf6 30. Rxd5 bxa4 (30... Rad8 31. Rxb5))
29. Nxh7+) 28. Nf3 Bxf3 29. gxf3 b4 30. Rd1 Rd5 31. Kf1 a5 32. Rd2
(32. Ke2 Rc8 $132) 32... Rc8 33. Re4 Rc4 34. Ke2 Rxc2 $5 35. Rxc2 d3+ $1 36.
Kd2 dxc2+ 37. Kxc2 Rh5 $40 38. h4 Rf5 39. f4 Kh6 40. Kd3
Kh5 41. Ke3 Kxh4 42. Rc4 Kg4 0-1

[Event "Belgrade RAD 30"]
[Site "Belgrade"]
[Date "1977.01.23"]
[Round "7.3"]
[White "Ostojic, Predrag"]
[Black "Radulov, Ivan"]
[Result "1/2-1/2"]
[ECO "B08"]
[WhiteElo "2480"]
[BlackElo "2500"]
[Annotator "Primel,D"]
[PlyCount "114"]
[EventDate "1977.01.15"]
[EventType "tourn"]
[EventRounds "13"]
[EventCountry "SRB"]
[EventCategory "9"]
[SourceTitle "EXT 2018"]
[Source "ChessBase"]
[SourceDate "2017.10.13"]
[SourceVersion "1"]
[SourceVersionDate "2017.10.13"]
[SourceQuality "1"]
[TimeControl "40/9000:16/5400:0"]

1. e4 d6 2. d4 Nf6 3. Nc3 g6 4. Nf3 Bg7 5. Bf4 (5. Be2) (5. h3) 5... c6 6. Qd2
b5 7. a3 (7. Bd3 O-O 8. Bh6 (8. O-O-O)) 7... O-O 8. h3 a6 9. Rd1 Nbd7 10. e5
Ne8 11. Bd3 Nb6 12. O-O d5 13. b3 Nc7 14. Bh6 a5 15. Qf4 a4 16.
b4 Ne6 17. Qh4 Ra7 18. Rfe1 f5 $132 19. Ne2 Bxh6 20. Qxh6 Rf7 21. Ng5 Nxg5 22. Qxg5 Rf8 23. Nf4 (23. h4 $5 ) 23... e6 24. h4 Qxg5
25. hxg5 Raf7 26. Re3 Bd7 27. Rh3 Nc8 28. Kf1 Ne7 29. Ke2 Bc8 30. Rh6 Bd7 31.
Rdh1 Rg7 32. Ke3 Bc8 33. g3 $14 {[%csl Rc8,Rh7] Les Noirs manquent d'espace et
le plus simple est probablement de jouer quelques coups neutres pour attendre
l'ajournement et trouver un plan de sauvetage} Bd7 34. Kd2 Bc8 35. c3 Bd7 36.
Be2 Rgf7 37. Nd3 $1 {[%cal Gd3c5] Privant le Bd7 d'une case importante pour le
bloquer sur la 08ème rangée} Bc8 38. Nc5 Kh8 (38... f4 39. gxf4 Nf5 ) 39. f4 (39. f3 Kg8 40. R1h4 Kh8 41. g4) 39... Kg8 40. Bd1 Rd8 {
Ajournement et le gain Blanc n'est pas si facile à réaliser car il n'y a
qu'un seul levier disponible avec la poussée g4} 41. R6h3 Rdf8 42. g4 (42. Bc2
Rd8 43. Rb1 $5 Rdf8 (43... Bd7) 44. Nxa4 bxa4 45. Bxa4 {Les compensations sont
insuffisantes car le Ne7 protège bien la faiblesse "c6"}) 42... Rd8 43. R1h2 (
43. Rh4 Kh8 44. Bc2 Kg8 45. gxf5) 43... Kh8 44. gxf5 exf5 45. Bxa4 $5 bxa4 46.
Nxa4 h5 47. Nc5 (47. gxh6 g5 $1 48. fxg5 f4 $44) 47... Ng8 48. a4 Ra7 49. Ke3
Ba6 50. Rb2 (50. Ra2 Bc4 51. Ra3 Rda8 52. Rh1 Kg7 53. Rha1 )
50... Rb8 51. Rh1 Bc4 52. Ra1 Ne7 53. Kf3 Kg8 54. Re1 Nc8 55. Rbb1 Kf7 56. Ra1
Ke8 57. a5 {Après cette poussée, les compensations Blanches sont
insuffisantes mais les pièces Noires sont mal placées pour jouer pour le
gain.} Ba6 1/2-1/2

[Event "Val Thorens op 12th"]
[Site "Val Thorens"]
[Date "1987.07.??"]
[Round "5"]
[White "Tompa, Janos"]
[Black "Seret, Jean Luc"]
[Result "1-0"]
[ECO "B08"]
[WhiteElo "2405"]
[BlackElo "2425"]
[Annotator "Seret,JL"]
[PlyCount "31"]
[EventDate "1987.07.??"]
[EventType "swiss"]
[EventRounds "9"]
[EventCountry "FRA"]
[SourceTitle "EXT 2021"]
[Source "ChessBase"]
[SourceDate "2020.10.23"]
[SourceVersion "1"]
[SourceVersionDate "2020.10.23"]
[SourceQuality "1"]
[TimeControl "40/7200:20/3600:0"]

1. e4 d6 2. d4 Nf6 3. Nc3 g6 4. Nf3 Bg7 5. Be2 O-O 6. O-O c6 7. Re1 Nbd7 8. e5
Ne8 9. exd6 (9. Bf4 dxe5 10. dxe5 Nc7 11. Qd2 Ne6 12. Bc4 Nb6 13. Bxe6 Bxe6 14.
Qe2 Nd5 15. Nxd5 Qxd5 16. b3 Bg4 17. Rad1 Bxf3 18. Qxf3 Qxf3 19. gxf3 Rfd8 20.
Kf1 Kf8 21. Ke2 Ke8 22. Ke3 Rd7 23. Rxd7 Kxd7 24. Rd1+ Ke6 25. Ke4 b5 26. Bg3
a5 27. f4 a4 28. b4 Rc8 29. c4 bxc4 30. Rd4 f5+ 31. Ke3 Rb8 32. Rxc4 Kd7 33.
Kd3 Bf8 34. f3 e6 35. Kc3 Rb5 36. Bf2 Kc7 37. Bc5 Bxc5 38. Rxc5 Kb6 {Chiong
Zacarias,R (2400)-Torre,E (2490) Jakarta 1978 1/2-1/2}) 9... Nxd6 10. Bf4 $146
(10. h3 Nb6 11. Bf4 Nf5 12. Be5 Bxe5 13. dxe5 Qxd1 14. Raxd1 Ng7 15. Ne4 a5 16.
Nd4 a4 17. c4 Ne6 18. Nxe6 Bxe6 19. b3 axb3 20. axb3 Ra5 21. f4 Bf5 22. Bf3 h5
23. Ra1 Rfa8 24. Rxa5 Rxa5 25. Rd1 Kg7 26. Rd2 h4 27. Kf2 Nd7 28. Bg4 Nxe5 29.
Bxf5 gxf5 30. Nc3 Ng6 31. Rd7 e6 32. Rxb7 Nxf4 {0-1 (32) Tompa,J (2395)
-Todorcevic,M (2420) Bagneux 1983}) 10... a6 $2 (10... Nf5 $14) 11. Qd2 c5 $2 (
11... Nf6 $14) 12. dxc5 $16 Nxc5 13. Rad1 Bf5 14. Nd5 Nde4 $2 (14... Nce4 15.
Qe3 $16) 15. Qe3 $16 Ne6 (15... Bxb2 16. Nc7 Qc8 17. Nxa8 Qxa8 18. Nd4 $16) 16.
g4 1-0